SOB
GUADALAJARA MARIANCHIS @ FORT DE FRANCE CARNIVALS
12/15/1981
 
TOP OF THE 1ST
Guadalajara Marianchis batting - Pitching for Fort de France Carnivals : LHP Dennis Rasmussen
Pitching: LHP Dennis Rasmussen
Batting: RHB Jack Lopez 0-0: Ground out 6-3 (Groundball, 56, EV 108.1 MPH)
Batting: RHB Steven Patterson 0-0: Ball
1-0: Ball
2-0: Foul Ball, location: 2F
2-1: Ground out 6-3 (Groundball, 6, EV 90.0 MPH)
Batting: SHB Spike Owen 0-0: Ball
1-0: Ball
2-0: Ball
3-0: Called Strike
3-1: Called Strike
3-2: Fly out, F7 (Flyball, 7D, EV 107.5 MPH)
Top of the 1st over - 0 runs, 0 hits, 0 errors, 0 left on base; Guadalajara 0 - Fort de France 0
BOTTOM OF THE 1ST
Fort de France Carnivals batting - Pitching for Guadalajara Marianchis : RHP Bradley Barclay
Pitching: RHP Bradley Barclay
Batting: SHB Gary Pettis 0-0: Foul Ball, location: 2F
0-1: Ball
1-1: Foul Ball, location: 2F
1-2: Ball
2-2: Hit by Pitch
Batting: RHB Eddie Vargas 0-0: Called Strike
0-1: Ball
1-1: Ball
2-1: Ball
3-1: Foul Ball, location: 2F
3-2: Strikes out looking
Batting: RHB Ramiro Gutierrez 0-0: Called Strike
0-1: Ball
1-1: Ball
2-1: Fly out, F9 (Flyball, 89D, EV 110.0 MPH)
Runner from 1st tags up, SAFE at 2nd
Batting: LHB Omar Guerrero 0-0: Ball
1-0: Fly out, F8 (Line Drive, 8RD, EV 103.1 MPH)
Bottom of the 1st over - 0 runs, 0 hits, 0 errors, 1 left on base; Guadalajara 0 - Fort de France 0
TOP OF THE 2ND
Guadalajara Marianchis batting - Pitching for Fort de France Carnivals : LHP Dennis Rasmussen
Batting: RHB George Foussianes 0-0: Foul Ball, location: 2F
0-1: Foul Ball, location: 2F
0-2: Strikes out swinging
Batting: RHB Jose Gonzalez 0-0: Ball
1-0: Swinging Strike
1-1: Called Strike
1-2: Ball
2-2: Strikes out swinging, 2-3 out at first.
Batting: RHB Jeff Rudolph 0-0: Swinging Strike
0-1: Ball
1-1: Ball
2-1: Ball
3-1: Base on Balls
Batting: RHB Mark Maher 0-0: Called Strike
0-1: Ball
1-1: Swinging Strike
1-2: Foul Ball, location: 2F
1-2: Hit by Pitch
Jeff Rudolph to second
Batting: RHB Jim Smith 0-0: Ball
1-0: Called Strike
1-1: Ball
2-1: Ball
3-1: Base on Balls
Jeff Rudolph to third
Mark Maher to second
Batting: RHB Michael Williams 0-0: SINGLE (Groundball, 4MD, EV 101.9 MPH)
Jeff Rudolph scores
Mark Maher to third
Jim Smith to second
Runner from 3rd tries for Home, SAFE, throw by CF to home
Batting: RHB Jack Lopez 0-0: Ball
1-0: Ball
2-0: Ball
3-0: Called Strike
3-1: Ground out 5-3 (Groundball, 56S, EV 78.1 MPH)
Top of the 2nd over - 2 runs, 1 hit, 0 errors, 2 left on base; Guadalajara 2 - Fort de France 0
BOTTOM OF THE 2ND
Fort de France Carnivals batting - Pitching for Guadalajara Marianchis : RHP Bradley Barclay
Batting: RHB Dave Stenhouse 0-0: Ball
1-0: Ground out 3-1 (Groundball, 34, EV 83.8 MPH)
Batting: LHB Steve Sbragia 0-0: Called Strike
0-1: Fly out, F8 (Flyball, 89D, EV 98.1 MPH)
Batting: LHB Mike McCain 0-0: Ball
1-0: Ball
2-0: Foul Ball, location: 2F
2-1: Foul Ball, location: 2F
2-2: Ball
3-2: Foul Ball, location: 2F
3-2: Base on Balls
Batting: RHB Julio Collazo 0-0: Ball
1-0: 2-RUN HOME RUN (Flyball, 7D, EV 95.6 MPH), Distance : 365 ft
Batting: RHB Mario Diaz 0-0: Ball
1-0: Called Strike
1-1: Ground out 5-3 (Groundball, 5L, EV 98.1 MPH)
Bottom of the 2nd over - 2 runs, 1 hit, 0 errors, 0 left on base; Guadalajara 2 - Fort de France 2
TOP OF THE 3RD
Guadalajara Marianchis batting - Pitching for Fort de France Carnivals : LHP Dennis Rasmussen
Batting: RHB Steven Patterson 0-0: Called Strike
0-1: Ball
1-1: Ground out 5-3 (Groundball, 56S, EV 61.3 MPH)
Batting: SHB Spike Owen 0-0: Ball
1-0: Swinging Strike
1-1: Ball
2-1: Ball
3-1: Base on Balls
Batting: RHB George Foussianes 0-0: Ball
1-0: Ball
2-0: Ball
3-0: Base on Balls
Spike Owen to second
Batting: RHB Jose Gonzalez 0-0: Ball
1-0: Foul Ball, location: 2F
1-1: Ball
2-1: Ball
3-1: Base on Balls
Spike Owen to third
George Foussianes to second
Batting: RHB Jeff Rudolph 0-0: Foul Ball, location: 2F
0-1: Swinging Strike
0-2: Ball
1-2: Strikes out swinging
Batting: RHB Mark Maher 0-0: Called Strike
0-1: Ball
1-1: Called Strike
1-2: Fly out, F6 (Popup, P, EV 78.8 MPH)
Top of the 3rd over - 0 runs, 0 hits, 0 errors, 3 left on base; Guadalajara 2 - Fort de France 2
BOTTOM OF THE 3RD
Fort de France Carnivals batting - Pitching for Guadalajara Marianchis : RHP Bradley Barclay
Batting: SHB Gary Pettis 0-0: DOUBLE (Line Drive, 78D, EV 108.1 MPH)
Batting: RHB Eddie Vargas 0-0: Ball
1-0: Called Strike
1-1: Swinging Strike
1-2: Ball
2-2: Ball
3-2: SINGLE (Line Drive, 6MD, EV 100.6 MPH)
Gary Pettis to third
Runner from 3rd tries for Home, SAFE, throw by CF to home
Eddie Vargas to second
Batting: RHB Ramiro Gutierrez 0-0: Called Strike
0-1: Ball
1-1: Swinging Strike
1-2: Foul Ball, location: 2F
1-2: Ball
2-2: Ball
3-2: Strikes out looking
Batting: LHB Omar Guerrero 0-0: Foul Ball, location: 2F
0-1: Called Strike
0-2: DOUBLE (Line Drive, 9LS, EV 96.3 MPH)
Eddie Vargas scores
Batting: RHB Dave Stenhouse 0-0: Called Strike
0-1: Ball
Omar Guerrero is caught stealing 3rd base 2-5
1-1: Swinging Strike
1-2: Ball
2-2: Ball
3-2: Base on Balls
Batting: LHB Steve Sbragia 0-0: Ball
1-0: Foul Ball, location: 2F
1-1: Ball
2-1: Called Strike
2-2: Fly out, F7 (Flyball, 7LD, EV 101.3 MPH)
Bottom of the 3rd over - 2 runs, 3 hits, 0 errors, 1 left on base; Guadalajara 2 - Fort de France 4
TOP OF THE 4TH
Guadalajara Marianchis batting - Pitching for Fort de France Carnivals : LHP Dennis Rasmussen
Batting: RHB Jim Smith 0-0: Foul Ball, location: 2F
0-1: Ball
1-1: Ground out 5-3 (Groundball, 25, EV 77.5 MPH)
Batting: RHB Michael Williams 0-0: Called Strike
0-1: Ball
1-1: Fly out, F9 (Flyball, 9D, EV 104.4 MPH)
Batting: RHB Jack Lopez 0-0: Ball
1-0: Ball
2-0: Called Strike
2-1: Swinging Strike
2-2: Ball
3-2: Strikes out swinging
Top of the 4th over - 0 runs, 0 hits, 0 errors, 0 left on base; Guadalajara 2 - Fort de France 4
BOTTOM OF THE 4TH
Fort de France Carnivals batting - Pitching for Guadalajara Marianchis : RHP Bradley Barclay
Batting: LHB Mike McCain 0-0: Called Strike
0-1: Ball
1-1: Ball
2-1: Ball
3-1: Foul Ball, location: 2F
3-2: Base on Balls
Batting: RHB Julio Collazo 0-0: Ball
1-0: Called Strike
1-1: Foul Ball, location: 2F
1-2: Strikes out swinging
Batting: RHB Mario Diaz 0-0: SINGLE (Flyball, 8RS, EV 98.1 MPH)
Mike McCain to second
Runner from 2nd tries for 3rd, SAFE, throw by CF made to third
Batting: SHB Gary Pettis 0-0: Ball
1-0: Foul Ball, location: 2F
1-1: Ball
2-1: Called Strike
2-2: Ball
3-2: Base on Balls
Mario Diaz to second
Batting: RHB Eddie Vargas 0-0: Ball
1-0: Called Strike
1-1: SINGLE (Line Drive, 8LS, EV 112.5 MPH)
Mike McCain scores
Mario Diaz to third
Gary Pettis to second
Runner from 3rd tries for Home, SAFE, throw by CF to home
Pitching: LHP Richard Cope
Batting: RHB Ramiro Gutierrez 0-0: Ball
1-0: Ball
2-0: Ball
3-0: Called Strike
3-1: Swinging Strike
3-2: Base on Balls
Gary Pettis to third
Eddie Vargas to second
Batting: LHB Omar Guerrero 0-0: Called Strike
0-1: Ball
1-1: Fielders Choice at 2nd, 4-6 (Groundball, 4, EV 83.8 MPH)
Gary Pettis scores
Eddie Vargas to third
Batting: RHB Dave Stenhouse 0-0: Called Strike
0-1: Foul Ball, location: 2F
0-2: Ball
1-2: Ball
2-2: Foul Ball, location: 2F
2-2: Ball
3-2: SINGLE (Groundball, 6D, EV 106.9 MPH)
Eddie Vargas scores
Omar Guerrero to second
Omar Guerrero to third
Batting: LHB Steve Sbragia 0-0: Called Strike
0-1: Ground out U3 (Groundball, 3, EV 86.9 MPH)
Bottom of the 4th over - 4 runs, 3 hits, 0 errors, 2 left on base; Guadalajara 2 - Fort de France 8
TOP OF THE 5TH
Guadalajara Marianchis batting - Pitching for Fort de France Carnivals : LHP Dennis Rasmussen
Batting: RHB Steven Patterson 0-0: Ball
1-0: Ball
2-0: Called Strike
2-1: Ball
3-1: Foul Ball, location: 2F
3-2: Base on Balls
Batting: SHB Spike Owen 0-0: Ball
1-0: Called Strike
1-1: Foul Ball, location: 2F
1-2: Ball
2-2: Foul Ball, location: 2F
2-2: Foul Ball, location: 2F
2-2: SINGLE (Line Drive, 4D, EV 97.5 MPH)
Steven Patterson to second
Runner from 2nd tries for 3rd, SAFE, no throw by CF
Batting: RHB George Foussianes 0-0: Ball
1-0: Ball
2-0: Foul Ball, location: 2F
2-1: 3-RUN HOME RUN (Flyball, 78XD, EV 106.3 MPH), Distance : 393 ft
Pitching: RHP Michael Britt
Batting: RHB Jose Gonzalez 0-0: Foul Ball, location: 2F
0-1: Fly out, F7 (Flyball, 7, EV 77.5 MPH)
Batting: RHB Jeff Rudolph 0-0: Called Strike
0-1: Fly out, F9 (Flyball, 9S, EV 85.6 MPH)
Batting: RHB Mark Maher 0-0: Called Strike
0-1: Called Strike
0-2: Strikes out swinging
Top of the 5th over - 3 runs, 2 hits, 0 errors, 0 left on base; Guadalajara 5 - Fort de France 8
BOTTOM OF THE 5TH
Fort de France Carnivals batting - Pitching for Guadalajara Marianchis : LHP Richard Cope
Batting: LHB Mike McCain 0-0: Ball
1-0: Ball
2-0: Reached on error, E7 (Flyball, 78S, EV 94.4 MPH)
Batting: RHB Julio Collazo 0-0: Called Strike
0-1: Called Strike
0-2: Ball
1-2: Ball
2-2: Grounds into double play, 5-4-3 (Groundball, 5L, EV 96.3 MPH)
Batting: RHB Mario Diaz 0-0: Ball
1-0: Ball
2-0: Ball
3-0: Called Strike
3-1: Base on Balls
Batting: SHB Gary Pettis 0-0: Ball
1-0: Ball
2-0: SINGLE (Groundball, 6MD, EV 103.8 MPH)
Mario Diaz to second
Runner from 2nd tries for 3rd, SAFE, throw by CF made to third
Batting: RHB Eddie Vargas 0-0: Ball
1-0: Ball
2-0: Ball
3-0: Called Strike
3-1: Ground out 4-3 (Groundball, 4, EV 100.0 MPH)
Bottom of the 5th over - 0 runs, 1 hit, 1 error, 2 left on base; Guadalajara 5 - Fort de France 8
TOP OF THE 6TH
Guadalajara Marianchis batting - Pitching for Fort de France Carnivals : RHP Michael Britt
Batting: RHB Jim Smith 0-0: Fly out, F8 (Flyball, 8LD, EV 81.3 MPH)
Batting: RHB Michael Williams 0-0: Called Strike
0-1: Ball
1-1: Ball
2-1: Foul Ball, location: 2F
2-2: Ball
3-2: Foul Ball, location: 2F
3-2: Base on Balls
Batting: RHB Jack Lopez 0-0: Ball
1-0: Grounds into double play, 6-4-3 (Groundball, 6, EV 97.5 MPH)
Top of the 6th over - 0 runs, 0 hits, 0 errors, 0 left on base; Guadalajara 5 - Fort de France 8
BOTTOM OF THE 6TH
Fort de France Carnivals batting - Pitching for Guadalajara Marianchis : LHP Richard Cope
Batting: RHB Ramiro Gutierrez 0-0: Ball
1-0: Called Strike
1-1: Ball
2-1: Ball
3-1: Base on Balls
Batting: LHB Omar Guerrero 0-0: Ball
1-0: Fielders Choice at 2nd, 1-6 (Groundball, 13, EV 68.1 MPH)
Pitching: RHP Gary Ezell
Batting: RHB Dave Stenhouse 0-0: Foul Ball, location: 2F
0-1: Ball
1-1: Ball
2-1: Ball
3-1: Called Strike
3-2: Foul Ball, location: 2F
3-2: Base on Balls
Omar Guerrero to second
Batting: LHB Steve Sbragia 0-0: Ball
1-0: Foul Ball, location: 2F
1-1: Called Strike
1-2: Ball
2-2: Ball
3-2: Ground out 6-3 (Groundball, 4M, EV 98.8 MPH)
Omar Guerrero to third
Dave Stenhouse to second
Batting: LHB Mike McCain 0-0: Foul Ball, location: 2F
0-1: Ball
1-1: Fly out, F4 (Popup, 4D, EV 64.4 MPH)
Bottom of the 6th over - 0 runs, 0 hits, 0 errors, 2 left on base; Guadalajara 5 - Fort de France 8
TOP OF THE 7TH
Guadalajara Marianchis batting - Pitching for Fort de France Carnivals : RHP Michael Britt
Batting: RHB Steven Patterson 0-0: Ball
1-0: Ground out 6-3 (Groundball, 6, EV 88.1 MPH)
Batting: SHB Spike Owen 0-0: Called Strike
0-1: Called Strike
0-2: Fly out, F4 (Line Drive, 4, EV 65.6 MPH)
Batting: RHB George Foussianes 0-0: Called Strike
0-1: Foul Ball, location: 2F
0-2: Ball
1-2: Fly out, F6 (Popup, 6D, EV 51.3 MPH)
Top of the 7th over - 0 runs, 0 hits, 0 errors, 0 left on base; Guadalajara 5 - Fort de France 8
BOTTOM OF THE 7TH
Fort de France Carnivals batting - Pitching for Guadalajara Marianchis : RHP Gary Ezell
Batting: RHB Julio Collazo 0-0: Fly out, F8 (Flyball, 8LS, EV 92.5 MPH)
Batting: RHB Mario Diaz 0-0: Called Strike
0-1: SINGLE (Line Drive, 9S, EV 101.3 MPH)
Pitching: LHP Frank Miloszewski
Batting: SHB Gary Pettis 0-0: Foul Ball, location: 2F
0-1: Fly out, F9 (Line Drive, 9, EV 85.6 MPH)
Batting: RHB Eddie Vargas 0-0: Foul Ball, location: 2F
0-1: Ball
1-1: Ball
2-1: Called Strike
2-2: Strikes out swinging
Bottom of the 7th over - 0 runs, 1 hit, 0 errors, 1 left on base; Guadalajara 5 - Fort de France 8
TOP OF THE 8TH
Guadalajara Marianchis batting - Pitching for Fort de France Carnivals : RHP Michael Britt
Batting: RHB Jose Gonzalez 0-0: Fly out, F8 (Flyball, 8RM, EV 96.9 MPH)
Batting: RHB Jeff Rudolph 0-0: Called Strike
0-1: Ball
1-1: Foul Ball, location: 2F
1-2: Strikes out looking
Pitching: RHP Anthony Notarino
Batting: RHB Mark Maher 0-0: Fly out, F6 (Flyball, 5D, EV 90.0 MPH)
Top of the 8th over - 0 runs, 0 hits, 0 errors, 0 left on base; Guadalajara 5 - Fort de France 8
BOTTOM OF THE 8TH
Fort de France Carnivals batting - Pitching for Guadalajara Marianchis : LHP Frank Miloszewski
Batting: RHB Ramiro Gutierrez 0-0: Ball
1-0: Ball
2-0: Ball
3-0: Called Strike
3-1: Base on Balls
Batting: LHB Omar Guerrero 0-0: Called Strike
0-1: Ball
1-1: Ball
2-1: Foul Ball, location: 2F
2-2: Foul Ball, location: 2F
2-2: Foul Ball, location: 2F
2-2: SINGLE (Line Drive, 89M, EV 103.8 MPH)
Ramiro Gutierrez to second
Batting: RHB Dave Stenhouse 0-0: Ball
1-0: Ball
2-0: Ball
3-0: Called Strike
3-1: Base on Balls
Ramiro Gutierrez to third
Omar Guerrero to second
Batting: LHB Steve Sbragia 0-0: Called Strike
0-1: Ball
1-1: Foul Ball, location: 2F
1-2: Grounds into fielders choice 4-2 (Groundball, 34, EV 90.0 MPH)
Omar Guerrero to third
Dave Stenhouse to second
Batting: LHB Mike McCain 0-0: Ball
1-0: Called Strike
1-1: Ball
2-1: Grounds into fielders choice 4-2 (Groundball, 4, EV 84.4 MPH)
Dave Stenhouse to third
Steve Sbragia to second
Batting: RHB Julio Collazo 0-0: Ball
1-0: Fielders Choice at 2nd, 6-4 (Groundball, 56, EV 101.3 MPH)
Bottom of the 8th over - 0 runs, 1 hit, 0 errors, 3 left on base; Guadalajara 5 - Fort de France 8
TOP OF THE 9TH
Guadalajara Marianchis batting - Pitching for Fort de France Carnivals : RHP Anthony Notarino
Pitching: RHP Joel Willett
Batting: RHB Jim Smith 0-0: Ball
1-0: Ball
2-0: Called Strike
2-1: Fly out, F8 (Flyball, 8LD, EV 97.5 MPH)
Batting: RHB Michael Williams 0-0: Ball
1-0: Called Strike
1-1: Ball
2-1: Swinging Strike
2-2: Strikes out swinging
Batting: RHB Jack Lopez 0-0: Called Strike
0-1: Swinging Strike
0-2: Strikes out looking
Top of the 9th over - 0 runs, 0 hits, 0 errors, 0 left on base; Guadalajara 5 - Fort de France 8
Friday, June 26th, 2020 - OOTP Baseball 21.4 Build 63